| TOP OF THE 1ST |
|
UCLA Bruins batting - Pitching for Rice University Owls : RHP Manny Herrera
|
|
Pitching: RHP Manny Herrera
|
|
|
Batting: LHB Mark Cummings
|
0-0: Swinging Strike 0-1: Ball 1-1: Bunt for hit to 23 - play at first, batter safe!
|
|
Batting: RHB Ken Hillman
|
0-0: Called Strike Mark Cummings steals 2nd base (no throw) 0-1: Ground out 3-1 (Groundball, 34, EV 90.6 MPH) Mark Cummings to third
|
|
Batting: RHB Andy Knerr
|
0-0: Ball 1-0: Called Strike 1-1: Foul Ball, location: 2F 1-2: Strikes out swinging
|
|
Batting: RHB Corey Bradley
|
0-0: Called Strike 0-1: Swinging Strike 0-2: Ground out 6-3 (Groundball, 6, EV 85.0 MPH)
|
| Top of the 1st over - 0 runs, 1 hit, 0 errors, 1 left on base; UCLA 0 - Rice University 0 |
| BOTTOM OF THE 1ST |
|
Rice University Owls batting - Pitching for UCLA Bruins : RHP Kyle Mann
|
|
Pitching: RHP Kyle Mann
|
|
|
Batting: RHB Caleb Mercer
|
0-0: Ball 1-0: Called Strike 1-1: Swinging Strike 1-2: Ball 2-2: Ground out 6-3 (Groundball, 6M, EV 88.8 MPH)
|
|
Batting: SHB Wendel van Baal
|
0-0: Called Strike 0-1: Ground out 4-3 (Groundball, 4M, EV 83.8 MPH)
|
|
Batting: RHB Jose Soto
|
0-0: SINGLE (Groundball, 6MD, EV 95.0 MPH)
|
|
Batting: SHB Ken Wilson
|
0-0: Ground out 1-3 (Groundball, 15S, EV 65.6 MPH)
|
| Bottom of the 1st over - 0 runs, 1 hit, 0 errors, 1 left on base; UCLA 0 - Rice University 0 |
| TOP OF THE 2ND |
|
UCLA Bruins batting - Pitching for Rice University Owls : RHP Manny Herrera
|
|
Batting: SHB Sean Munns
|
0-0: Ground out 6-3 (Groundball, 6S, EV 83.1 MPH)
|
|
Batting: RHB Issac Konol
|
0-0: Called Strike 0-1: Foul Ball, location: 2F 0-2: Ground out 5-3 (Groundball, 56, EV 86.2 MPH)
|
|
Batting: LHB Scott Mullett
|
0-0: Foul Ball, location: 2F 0-1: Ball 1-1: Swinging Strike 1-2: Ball 2-2: Ball 3-2: Foul Ball, location: 2F 3-2: Foul Ball, location: 2F 3-2: Base on Balls
|
|
Batting: RHB Michael Alvarado
|
0-0: Swinging Strike 0-1: Foul Ball, location: 2F 0-2: Strikes out looking
|
| Top of the 2nd over - 0 runs, 0 hits, 0 errors, 1 left on base; UCLA 0 - Rice University 0 |
| BOTTOM OF THE 2ND |
|
Rice University Owls batting - Pitching for UCLA Bruins : RHP Kyle Mann
|
|
Batting: SHB Dave Van Sickle
|
0-0: Ball 1-0: Called Strike 1-1: Foul Ball, location: 2F 1-2: Ground out 4-3 (Groundball, 4, EV 108.1 MPH)
|
|
Batting: SHB Steve Wipf
|
0-0: Swinging Strike 0-1: Foul Ball, location: 2F 0-2: Ball 1-2: Fly out, F8 (Flyball, 8RXD, EV 96.2 MPH)
|
|
Batting: RHB Javier Quinones
|
0-0: Foul Ball, location: 2F 0-1: Called Strike 0-2: Ground out 1-3 (Groundball, 13S, EV 71.2 MPH)
|
| Bottom of the 2nd over - 0 runs, 0 hits, 0 errors, 0 left on base; UCLA 0 - Rice University 0 |
| TOP OF THE 3RD |
|
UCLA Bruins batting - Pitching for Rice University Owls : RHP Manny Herrera
|
|
Batting: RHB Ivan Murillo
|
0-0: Ball 1-0: Ball 2-0: Called Strike 2-1: Fly out, F8 (Flyball, 89M, EV 90.0 MPH)
|
|
Batting: LHB Mark Cummings
|
0-0: Hit by Pitch
|
|
Batting: RHB Ken Hillman
|
0-0: Ball 1-0: Swinging Strike 1-1: Ball 2-1: Ball 3-1: SINGLE (Groundball, 13, EV 86.2 MPH) (infield hit) Mark Cummings to second
|
|
Batting: RHB Andy Knerr
|
0-0: Called Strike 0-1: Ball 1-1: Foul Ball, location: 2F 1-2: Fly out, F8 (Flyball, 78M, EV 91.9 MPH)
|
|
Batting: RHB Corey Bradley
|
0-0: Ball 1-0: SINGLE (Groundball, 56D, EV 106.9 MPH) Mark Cummings to third Ken Hillman to second Runner from 3rd tries for Home, SAFE, throw by LF to home
|
|
Batting: SHB Sean Munns
|
0-0: Ball 1-0: Ball 2-0: Fly out, F7 (Flyball, 78S, EV 75.6 MPH)
|
| Top of the 3rd over - 1 run, 2 hits, 0 errors, 2 left on base; UCLA 1 - Rice University 0 |
| BOTTOM OF THE 3RD |
|
Rice University Owls batting - Pitching for UCLA Bruins : RHP Kyle Mann
|
|
Batting: RHB Alex Alvarez
|
0-0: SINGLE (Flyball, 9S, EV 91.2 MPH)
|
|
Batting: RHB Allen Jarvis
|
0-0: Foul Ball, location: 2F 0-1: Ground out 4-3 (Groundball, 34D, EV 98.8 MPH) Alex Alvarez to second
|
|
Batting: RHB Caleb Mercer
|
0-0: Ground out 6-3 (Groundball, 6, EV 80.6 MPH)
|
|
Batting: SHB Wendel van Baal
|
0-0: Ball 1-0: SINGLE (Flyball, 6D, EV 87.5 MPH) Alex Alvarez to third Runner from 3rd tries for Home, SAFE, throw by LF to home
|
|
Batting: RHB Jose Soto
|
0-0: Swinging Strike 0-1: SINGLE (Groundball, 56D, EV 94.4 MPH) Wendel van Baal to second
|
|
Batting: SHB Ken Wilson
|
0-0: Called Strike 0-1: Ball 1-1: Foul Ball, location: 2F 1-2: Fly out, F2 (Popup, 2L, EV 86.2 MPH)
|
| Bottom of the 3rd over - 1 run, 3 hits, 0 errors, 2 left on base; UCLA 1 - Rice University 1 |
| TOP OF THE 4TH |
|
UCLA Bruins batting - Pitching for Rice University Owls : RHP Manny Herrera
|
|
Batting: RHB Issac Konol
|
0-0: Ball 1-0: DOUBLE (Line Drive, 8LXD, EV 101.2 MPH)
|
|
Batting: LHB Scott Mullett
|
0-0: Ball 1-0: SINGLE (Groundball, 56S, EV 70.0 MPH) (infield hit) Issac Konol to third
|
|
Batting: RHB Michael Alvarado
|
0-0: Ball 1-0: SINGLE (Line Drive, 6D, EV 97.5 MPH) Issac Konol scores Scott Mullett to second
|
|
Batting: RHB Ivan Murillo
|
0-0: Ball 1-0: Called Strike 1-1: Foul Ball, location: 2F 1-2: Ball 2-2: Fly out, F8 (Flyball, 8RS, EV 88.1 MPH)
|
|
Batting: LHB Mark Cummings
|
0-0: Called Strike 0-1: Fielders Choice at 2nd, 4-6 (Groundball, 4, EV 101.2 MPH) Scott Mullett to third
|
|
Batting: RHB Ken Hillman
|
0-0: Ball 1-0: Foul Ball, location: 2F 1-1: Ball 2-1: Foul Ball, location: 2F 2-2: Foul Ball, location: 2F 2-2: Ball 3-2: Base on Balls Mark Cummings to second
|
|
Batting: RHB Andy Knerr
|
0-0: Swinging Strike 0-1: Swinging Strike 0-2: DOUBLE (Line Drive, 9LS, EV 108.1 MPH) Scott Mullett scores Mark Cummings scores Ken Hillman to third
|
|
Batting: RHB Corey Bradley
|
0-0: Ball 1-0: SINGLE (Flyball, 4MD, EV 93.8 MPH) Ken Hillman scores Andy Knerr to third Runner from 3rd tries for Home, SAFE, throw by CF to home
|
|
Pitching: RHP Bill Lightheart
|
|
|
Batting: SHB Sean Munns
|
0-0: Ball 1-0: Ball 2-0: Swinging Strike 2-1: Called Strike 2-2: Foul Ball, location: 2F 2-2: SINGLE (Flyball, 89S, EV 88.1 MPH) Corey Bradley to second Runner from 2nd tries for 3rd, SAFE, no throw by RF
|
|
Batting: RHB Issac Konol
|
0-0: SINGLE (Line Drive, 3D, EV 95.0 MPH) Corey Bradley scores Sean Munns to second
|
|
Batting: LHB Scott Mullett
|
0-0: Fly out, F7 (Flyball, 7, EV 90.6 MPH)
|
| Top of the 4th over - 6 runs, 7 hits, 0 errors, 2 left on base; UCLA 7 - Rice University 1 |
| BOTTOM OF THE 4TH |
|
Rice University Owls batting - Pitching for UCLA Bruins : RHP Kyle Mann
|
|
Batting: SHB Dave Van Sickle
|
0-0: Ball 1-0: Foul Ball, location: 2F 1-1: Ball 2-1: Swinging Strike 2-2: Ball 3-2: Foul Ball, location: 2F 3-2: Fly out, F8 (Flyball, 8RM, EV 84.4 MPH)
|
|
Batting: SHB Steve Wipf
|
0-0: Ball 1-0: Foul Ball, location: 2F 1-1: Fly out, F8 (Flyball, 8RS, EV 91.9 MPH)
|
|
Batting: RHB Javier Quinones
|
0-0: Ball 1-0: Called Strike 1-1: Ball 2-1: Called Strike 2-2: Foul Ball, location: 2F 2-2: Ball 3-2: Ground out 6-3 (Groundball, 6, EV 84.4 MPH)
|
| Bottom of the 4th over - 0 runs, 0 hits, 0 errors, 0 left on base; UCLA 7 - Rice University 1 |
| TOP OF THE 5TH |
|
UCLA Bruins batting - Pitching for Rice University Owls : RHP Bill Lightheart
|
|
Batting: RHB Michael Alvarado
|
0-0: Swinging Strike 0-1: SOLO HOME RUN (Flyball, 7LD, EV 92.5 MPH), Distance : 342 ft
|
|
Batting: RHB Ivan Murillo
|
0-0: Called Strike 0-1: Ball 1-1: SOLO HOME RUN (Line Drive, 9LD, EV 96.9 MPH), Distance : 340 ft
|
|
Batting: LHB Mark Cummings
|
0-0: Foul Ball, location: 2F 0-1: Ball 1-1: DOUBLE (Flyball, 8LXD, EV 106.2 MPH)
|
|
Batting: RHB Ken Hillman
|
0-0: Ball 1-0: Foul Ball, location: 2F 1-1: Ball 2-1: Fly out, F6 (Line Drive, 6, EV 70.0 MPH)
|
|
Batting: RHB Andy Knerr
|
0-0: Ball 1-0: Fly out, F9 (Flyball, 9, EV 81.9 MPH)
|
|
Batting: RHB Corey Bradley
|
0-0: Called Strike 0-1: Fly out, F5 (Popup, 5, EV 65.0 MPH)
|
| Top of the 5th over - 2 runs, 3 hits, 0 errors, 1 left on base; UCLA 9 - Rice University 1 |
| BOTTOM OF THE 5TH |
|
Rice University Owls batting - Pitching for UCLA Bruins : RHP Kyle Mann
|
|
Batting: RHB Alex Alvarez
|
0-0: Ball 1-0: Called Strike 1-1: Swinging Strike 1-2: Fly out, F8 (Flyball, 8RD, EV 98.1 MPH)
|
|
Batting: RHB Allen Jarvis
|
0-0: Ball 1-0: Called Strike 1-1: Ball 2-1: Foul Ball, location: 2F 2-2: Ground out 6-3 (Groundball, 6, EV 86.2 MPH)
|
|
Batting: RHB Caleb Mercer
|
0-0: Fly out, F8 (Flyball, 78D, EV 94.4 MPH)
|
| Bottom of the 5th over - 0 runs, 0 hits, 0 errors, 0 left on base; UCLA 9 - Rice University 1 |
| TOP OF THE 6TH |
|
UCLA Bruins batting - Pitching for Rice University Owls : RHP Bill Lightheart
|
|
Pitching: RHP Nate Gulley
|
|
|
Batting: SHB Sean Munns
|
0-0: Called Strike 0-1: Ground out 6-3 (Groundball, 6, EV 91.2 MPH)
|
|
Batting: RHB Issac Konol
|
0-0: Foul Ball, location: 2F 0-1: Ball 1-1: Ball 2-1: Foul Ball, location: 2F 2-2: SINGLE (Line Drive, 34, EV 97.5 MPH)
|
|
Batting: LHB Scott Mullett
|
0-0: Called Strike 0-1: Foul Ball, location: 2F 0-2: Ball 1-2: Ball 2-2: Foul Ball, location: 2F 2-2: Fly out, F8 (Flyball, 8LD, EV 99.4 MPH)
|
|
Batting: RHB Michael Alvarado
|
0-0: Called Strike 0-1: Foul Ball, location: 2F 0-2: Fly out, F9 (Flyball, 9, EV 96.9 MPH)
|
| Top of the 6th over - 0 runs, 1 hit, 0 errors, 1 left on base; UCLA 9 - Rice University 1 |
| BOTTOM OF THE 6TH |
|
Rice University Owls batting - Pitching for UCLA Bruins : RHP Kyle Mann
|
|
Batting: SHB Wendel van Baal
|
0-0: Swinging Strike 0-1: Ball 1-1: Swinging Strike 1-2: Fly out, F7 (Flyball, 78M, EV 92.5 MPH)
|
|
Batting: RHB Jose Soto
|
0-0: Ball 1-0: Fly out, F9 (Flyball, 9LM, EV 101.9 MPH)
|
|
Batting: SHB Ken Wilson
|
0-0: Foul Ball, location: 2F 0-1: Ball 1-1: Ground out 1-3 (Groundball, 13S, EV 68.8 MPH)
|
| Bottom of the 6th over - 0 runs, 0 hits, 0 errors, 0 left on base; UCLA 9 - Rice University 1 |
| TOP OF THE 7TH |
|
UCLA Bruins batting - Pitching for Rice University Owls : RHP Nate Gulley
|
|
Batting: RHB Ivan Murillo
|
0-0: Ball 1-0: Ball 2-0: Called Strike 2-1: Ball 3-1: Called Strike 3-2: Base on Balls
|
|
Pitching: RHP Michael Benford
|
|
|
Batting: LHB Mark Cummings
|
0-0: Called Strike 0-1: Fielders Choice at 2nd, 3-6 (Groundball, 3, EV 103.1 MPH)
|
|
Batting: RHB Ken Hillman
|
0-0: Foul Ball, location: 2F 0-1: Ball 1-1: Ball 2-1: Grounds into double play, 6-4-3 (Groundball, 6, EV 101.2 MPH)
|
| Top of the 7th over - 0 runs, 0 hits, 0 errors, 0 left on base; UCLA 9 - Rice University 1 |
| BOTTOM OF THE 7TH |
|
Rice University Owls batting - Pitching for UCLA Bruins : RHP Kyle Mann
|
|
Batting: SHB Dave Van Sickle
|
0-0: Ball 1-0: Called Strike 1-1: Called Strike 1-2: Strikes out looking
|
|
Batting: SHB Steve Wipf
|
0-0: Fly out, F9 (Flyball, 9D, EV 85.6 MPH)
|
|
Pinch Hitting: RHB Emanuel Pulido
|
0-0: Ball 1-0: Ball 2-0: Ball 3-0: Called Strike 3-1: Base on Balls
|
|
Batting: RHB Alex Alvarez
|
0-0: Ball 1-0: DOUBLE (Groundball, 5L, EV 97.5 MPH) Emanuel Pulido to third Runner from 3rd tries for Home, throw by LF and OUT! 7-6-2
|
| Bottom of the 7th over - 0 runs, 1 hit, 0 errors, 1 left on base; UCLA 9 - Rice University 1 |
| TOP OF THE 8TH |
|
UCLA Bruins batting - Pitching for Rice University Owls : RHP Michael Benford
|
|
Now at 3B: Emanuel Pulido
|
|
|
Batting: RHB Andy Knerr
|
0-0: SOLO HOME RUN (Flyball, 7LD, EV 90.6 MPH), Distance : 345 ft
|
|
Batting: RHB Dave Spradley
|
0-0: Foul Ball, location: 2F 0-1: Ball 1-1: Foul Ball, location: 2F 1-2: Ball 2-2: Fly out, F7 (Flyball, 7, EV 85.6 MPH)
|
|
Batting: SHB Sean Munns
|
0-0: Fly out, F7 (Line Drive, 7S, EV 90.0 MPH)
|
|
Batting: RHB Issac Konol
|
0-0: Fly out, F7 (Flyball, 7, EV 81.9 MPH)
|
| Top of the 8th over - 1 run, 1 hit, 0 errors, 0 left on base; UCLA 10 - Rice University 1 |
| BOTTOM OF THE 8TH |
|
Rice University Owls batting - Pitching for UCLA Bruins : RHP Kyle Mann
|
|
Batting: RHB Allen Jarvis
|
0-0: Ball 1-0: Swinging Strike 1-1: Ground out U3 (Groundball, 3, EV 87.5 MPH)
|
|
Batting: RHB Caleb Mercer
|
0-0: Ball 1-0: Ball 2-0: DOUBLE (Groundball, 5L, EV 106.2 MPH)
|
|
Pitching: RHP Jan Marvel
|
|
|
Batting: SHB Wendel van Baal
|
0-0: Called Strike 0-1: Ball 1-1: Ball 2-1: Ball 3-1: Base on Balls
|
|
Batting: RHB Jose Soto
|
0-0: Ball 1-0: Swinging Strike 1-1: SINGLE (Line Drive, 8LS, EV 100.0 MPH) Caleb Mercer to third Wendel van Baal to second
|
|
Batting: RHB Neil Worth
|
0-0: Foul Ball, location: 2F 0-1: SINGLE (Flyball, 8RS, EV 93.1 MPH) Caleb Mercer scores Wendel van Baal to third Jose Soto to second Runner from 3rd tries for Home, SAFE, throw by CF to home
|
|
Batting: SHB Dave Van Sickle
|
0-0: Ball 1-0: Fly out, F8 (Flyball, 8RM, EV 94.4 MPH)
|
|
Batting: SHB Steve Wipf
|
0-0: Called Strike 0-1: Called Strike 0-2: Ball 1-2: Ball 2-2: Fly out, F7 (Flyball, 7, EV 95.6 MPH)
|
| Bottom of the 8th over - 2 runs, 3 hits, 0 errors, 2 left on base; UCLA 10 - Rice University 3 |
| TOP OF THE 9TH |
|
UCLA Bruins batting - Pitching for Rice University Owls : RHP Michael Benford
|
|
Batting: LHB Scott Mullett
|
0-0: SOLO HOME RUN (Flyball, 9D, EV 96.2 MPH), Distance : 374 ft
|
|
Batting: RHB Michael Alvarado
|
0-0: Ball 1-0: Fly out, F8 (Line Drive, 8RD, EV 94.4 MPH)
|
|
Pinch Hitting: RHB Luis de Jesus
|
0-0: Swinging Strike 0-1: Ball 1-1: Swinging Strike 1-2: Foul Ball, location: 2F 1-2: Ground out 6-3 (Groundball, 56D, EV 103.1 MPH)
|
|
Batting: LHB Mark Cummings
|
0-0: Ball 1-0: Ball 2-0: Called Strike 2-1: Ball 3-1: Called Strike 3-2: Ground out 6-3 (Groundball, 6, EV 94.4 MPH)
|
| Top of the 9th over - 1 run, 1 hit, 0 errors, 0 left on base; UCLA 11 - Rice University 3 |
| BOTTOM OF THE 9TH |
|
Rice University Owls batting - Pitching for UCLA Bruins : RHP Jan Marvel
|
|
Now at SS: Mike Beck
|
|
|
Batting: RHB Emanuel Pulido
|
0-0: Foul Ball, location: 2F 0-1: Ball 1-1: Swinging Strike 1-2: Foul Ball, location: 2F 1-2: SINGLE (Groundball, 56D, EV 98.1 MPH)
|
|
Pitching: RHP Quincy Bowen
|
|
|
Batting: RHB Alex Alvarez
|
0-0: Swinging Strike 0-1: Ball 1-1: Foul Ball, location: 2F 1-2: Ball 2-2: Foul Ball, location: 2F 2-2: Ball 3-2: Base on Balls Emanuel Pulido to second
|
|
Batting: RHB Allen Jarvis
|
0-0: Called Strike 0-1: Fly out, F9 (Flyball, 89M, EV 91.9 MPH)
|
|
Batting: RHB Caleb Mercer
|
0-0: Ball 1-0: Called Strike 1-1: Called Strike 1-2: Foul Ball, location: 2F 1-2: Ball 2-2: Fly out, F9 (Flyball, 89S, EV 89.4 MPH)
|
|
Batting: SHB Wendel van Baal
|
0-0: SINGLE (Groundball, 6M, EV 89.4 MPH) (infield hit) Emanuel Pulido to third Alex Alvarez to second
|
|
Batting: RHB Jose Soto
|
0-0: Ball Passed Ball! Emanuel Pulido scores Alex Alvarez to third Wendel van Baal to second 1-0: Foul Ball, location: 2F 1-1: Ground out 1-3 (Groundball, 13, EV 67.5 MPH)
|
| Bottom of the 9th over - 1 run, 2 hits, 0 errors, 2 left on base; UCLA 11 - Rice University 4 |
|